Map: Newkirk Precinct TE (Void)

Players

JudgeChimp - Winner!

  • Race: Zerg Zerg
  • League: Gold
  • Spawn Location: 5:00

Fropez

  • Race: Protoss Protoss
  • League: Gold
  • Spawn Location: 7:00

VOD

Have the link to the VOD?

Description

Time

  • Played on: Dec. 12, 2016, 12:19 p.m.
  • Length: 17:47
Show
View Real Time Build Order
Export as new Build Order

JudgeChimp Zerg - Winner!

Build Orders: Pool First 

Get SALT Encoding   

  12  0:19  Spawning Pool  
  11  0:23  Drone  
  11  0:28  Extractor  
  11  0:33  Drone  
  12  0:38  Drone  
  13  0:45  Overlord  
  13  1:06  Zergling x4  
  13  1:09  Zergling x2  
  16  1:16  Queen  
  18  1:22  Zergling x2  
  19  1:32  Metabolic Boost  
  19  1:38  Zergling x2  
  20  1:45  Overlord  
  20  1:53  Zergling x2  
  21  2:10  Zergling x2  
  22  2:21  Zergling x2  
  23  2:30  Zergling x2  
  23  2:31  Zergling x6  
  25  2:40  Zergling x2  
  26  3:04  Zergling x6  
  26  3:05  Zergling x4  
  26  3:26  Hatchery  
  22  3:32  Zergling x4  
  24  3:59  Zergling x8  
  26  4:15  Zergling x8  
  25  4:29  Drone x2  
  18  5:08  Drone x2  
  18  5:09  Drone x5  
  25  5:16  Queen  
  25  5:18  Drone x2  
  25  5:19  Drone  
  30  5:31  Queen, Hatchery  
  31  6:06  Drone x5  
  31  6:07  Overlord x2  
  31  6:08  Overlord  
  36  6:24  Lair  
  36  6:39  Evolution Chamber  
  35  6:41  Drone x3  
  35  6:46  Extractor  
  37  6:50  Extractor  
  37  6:51  Drone x2  
  37  6:52  Drone x5  
  43  7:21  Zerg Missile Weapons Level 1  
  43  7:26  Hydralisk Den  
  42  7:33  Drone x2  
  42  7:34  Drone  
  42  7:35  Evolution Chamber  
  44  7:38  Overlord x2  
  44  7:57  Queen  
  46  8:04  Extractor  
  43  8:11  Hydralisk  
  43  8:12  Hydralisk x7  
  59  8:15  Zergling x2  
  59  8:16  Zergling x10  
  65  8:21  Zergling x10  
  65  8:22  Zergling x2  
  71  8:28  Hydralisk  
  65  8:50  Zergling x8  
  65  8:51  Zergling x10  
  72  9:01  Drone  
  72  9:02  Drone x4  
  73  9:07  Zerg Ground Armor Level 1  
  72  9:12  Drone  
  73  9:27  Drone  
  73  9:28  Overlord  
  73  9:29  Overlord x2  
  74  9:35  Zerg Missile Weapons Level 2  
  74  9:47  Drone x3  
  77  9:53  Muscular Augments  
  74  10:12  Hydralisk x3  
  74  10:13  Hydralisk x3  
  86  10:19  Drone x4  
  89  10:50  Drone  
  89  10:51  Drone x8  
  89  10:54  Overlord x2  
  89  10:55  Extractor, Overlord  
  97  11:12  Zerg Ground Armor Level 2  
  97  11:17  Infestation Pit  
  96  11:22  Spore Crawler  
  96  11:23  Spore Crawler  
  96  11:24  Queen  
  96  11:31  Extractor  
  95  11:44  Hatchery  
  91  11:57  Hydralisk  
  91  11:58  Hydralisk x3  
  91  11:59  Hydralisk x2  
  91  12:00  Zergling x2  
  91  12:01  Zergling x18  
  113  12:46  Overlord x3  
  113  12:47  Overlord  
  113  12:55  Overseer  
  113  12:58  Overseer x3  
  113  13:00  Overseer x2  
  113  13:33  Overseer  
  112  13:40  Hive  
  112  13:46  Overseer x2  
  112  14:18  Roach Warren  
  112  14:21  Hydralisk x9  
  112  14:22  Hydralisk x14  
  125  14:58  Hydralisk  
  125  14:59  Hydralisk x8  
  143  15:08  Zerg Missile Weapons Level 3  
  143  15:21  Zergling x6  
  146  15:29  Pneumatized Carapace  
  144  16:10  Adrenal Glands  
  141  16:37  Spine Crawler  
  138  16:41  Hydralisk  
  138  16:42  Hydralisk  
  138  16:43  Hydralisk  
  138  16:46  Overlord x6  
  138  16:47  Overlord  
  144  17:04  Hatchery  
  143  17:14  Hatchery  
  142  17:24  Overlord x3  
Show
View Real Time Build Order
Export as new Build Order

Fropez Protoss 

Build Orders: 1 Gate Expand 

Get SALT Encoding   

  12  0:01  Probe (Chrono Boost)  
  13  0:15  Pylon  
  13  0:18  Probe (Chrono Boost)  
  15  0:28  Probe (Chrono Boost)  
  15  0:36  Gateway  
  15  0:39  Probe (Chrono Boost)  
  16  0:49  Probe (Chrono Boost)  
  17  0:54  Assimilator  
  17  1:00  Probe (Chrono Boost)  
  18  1:10  Probe (Chrono Boost)  
  19  1:22  Probe (Chrono Boost)  
  20  1:30  Nexus  
  20  1:33  Probe (Chrono Boost)  
  21  1:42  Assimilator  
  21  1:49  Cybernetics Core  
  21  1:52  Probe (Chrono Boost)  
  22  2:02  Probe (Chrono Boost)  
  23  2:10  Pylon  
  23  2:23  Pylon  
  23  2:42  Mothership Core (Chrono Boost)  
  27  2:50  Probe (Chrono Boost)  
  26  3:08  Pylon  
  26  3:09  Probe (Chrono Boost)  
  26  3:10  Probe (Chrono Boost)  
  27  3:18  Zealot  
  24  3:36  Probe (Chrono Boost)  
  24  3:39  Probe (Chrono Boost)  
  26  3:42  Pylon  
  26  3:49  Adept  
  27  4:05  Warp Gate (Chrono Boost)  
  15  4:24  Adept  
  15  4:27  Probe  
  16  4:34  Gateway  
  16  4:40  Probe  
  17  4:47  Pylon  
  17  4:52  Probe  
  16  5:09  Probe  
  17  5:21  Adept, Probe  
  20  5:29  Adept  
  22  5:48  Pylon  
  22  5:54  Probe  
  22  6:06  Probe  
  23  6:15  Pylon  
  23  6:17  Adept  
  23  6:18  Probe  
  26  6:20  Adept  
  28  6:34  Pylon  
  28  6:35  Probe  
  29  6:46  Stalker  
  31  6:47  Probe  
  32  6:59  Probe  
  33  7:12  Probe, Stalker  
  36  7:16  Stalker  
  38  7:24  Probe  
  39  7:39  Probe  
  39  7:40  Twilight Council  
  40  7:48  Adept  
  42  7:51  Sentry, Probe  
  45  8:12  Sentry  
  47  8:29  Nexus  
  47  8:40  Probe  
  28  9:22  Adept x2  
  28  9:24  Gateway  
  32  9:25  Probe  
  32  9:26  Gateway  
  32  9:28  Gateway  
  33  9:37  Probe  
  34  9:40  Probe  
  35  9:54  Probe  
  35  9:55  Probe  
  35  10:14  Gateway  
  35  10:16  Pylon  
  35  10:20  Stalker x2  
  39  10:26  Resonating Glaives (Chrono Boost)  
  39  10:31  Probe  
  39  10:33  Probe, Dark Shrine  
  41  10:38  Pylon  
  41  10:40  Stalker  
  41  10:41  Stalker x2  
  47  10:47  Probe  
  47  10:48  Assimilator  
  47  10:49  Probe  
  49  11:00  Stalker x2  
  53  11:07  Probe  
  54  11:16  Pylon  
  54  11:24  Probe  
  54  11:25  Probe  
  54  11:28  Assimilator  
  54  11:29  Pylon  
  56  11:33  Pylon  
  56  11:35  Probe  
  56  11:38  Probe  
  58  11:43  Stalker  
  58  11:44  Stalker x2  
  58  11:46  Robotics Facility  
  62  11:52  Pylon  
  62  11:54  Mothership Core  
  64  12:02  Pylon  
  64  12:05  Gateway  
  64  12:10  Gateway  
  64  12:12  Dark Templar  
  66  12:17  Dark Templar  
  68  12:29  Probe  
  68  12:30  Probe  
  68  12:32  Forge  
  70  12:38  Forge  
  70  12:43  Dark Templar  
  68  13:35  Protoss Ground Weapons Level 1 (Chrono Boost), Protoss Ground Armor Level 1 (Chrono Boost)  
  68  13:39  Warp Prism  
  70  13:53  Adept, Pylon  
  70  13:54  Adept x5  
  82  14:22  Stalker x3  
  82  14:24  Stalker  
  88  14:37  Dark Templar  
  88  14:38  Dark Templar x2  
  68  14:53  Dark Templar x3  
  70  15:19  Protoss Ground Armor Level 2 (Chrono Boost), Protoss Ground Weapons Level 2 (Chrono Boost)  
  70  15:51  Dark Templar x2  
  70  15:52  Dark Templar  
  74  16:09  Adept  
  72  16:18  Gateway  
  58  16:21  Gateway  
  58  16:22  Gateway  
  58  16:39  Nexus  
  58  16:41  Pylon  
  58  16:44  Pylon  
  58  16:46  Probe x2  
  60  16:49  Pylon  
  60  16:52  Pylon  
  60  16:58  Probe, Mothership Core  
  63  17:02  Stalker x2  
  63  17:03  Stalker  
  69  17:12  Probe  
  70  17:19  Probe  
  71  17:41  Gateway  
Tags
 
Add a new tag
Caveats
  • Supply blocks, unpowered buildings, or Contaminate may cause inaccurate times.
  • Supply counts are checked every 10 seconds.